 Dungeon Crawl Stone Soup version 0.20.0-15-g7f486f2 (webtiles) character file.

3570938 Kenran the Conqueror (level 27, 246/273 HPs)
             Began as a Hill Orc Skald on June 11, 2017.
             Was the Champion of Okawaru.
             Escaped with the Orb
             ... and 5 runes!
             The game lasted 02:03:13 (59374 turns).

Kenran the Conqueror (Hill Orc Skald)              Turns: 59374, Time: 02:03:13

Health: 246/273    AC: 41    Str: 27    XL:     27
Magic:  32/35      EV: 17    Int: 13    God:    Okawaru [******]
Gold:   1326       SH: 26    Dex: 15    Spells: 29/29 levels left

rFire    + + +     SeeInvis +   a - +8 mithril axe "Arga" {speed, MR+}
rCold    . . .     Gourm    .   r - +1 large shield
rNeg     + . .     Faith    .   W - +10 storm dragon scales {Bai Suzhen}
rPois    +         Spirit   +   (no helmet)
rElec    +         Reflect  .   R - +0 cloak of Juicu {rF++ rN+ Str+3}
rCorr    .         Harm     .   o - +3 pair of gloves of Jigsaw {rF+}
MR       ++++.                  T - +2 pair of boots {Fly}
Stlth    ..........             X - amulet of guardian spirit
Regen    0.6/turn               c - ring "Weamp" {rPois Str+2 SInv Stlth-}
MPRegen  0.3/turn               h - ring of protection from magic

@: flying, hasted (expiring), very quick
A: claws 1, camouflage 1, sense surroundings 1
0: Orb of Zot
}: 5/15 runes: decaying, serpentine, slimy, silver, abyssal
a: Heroism, Finesse, Renounce Religion, Stop Flying


You escaped.
You worshipped Okawaru.
Okawaru was exalted by your worship.
You were full.

You visited 9 branches of the dungeon, and saw 51 of its levels.
You visited the Abyss 1 time.

You collected 6454 gold pieces.
You spent 5128 gold pieces at shops.

Inventory:

Hand Weapons
 a - the +8 mithril axe "Arga" (weapon) {speed, MR+}
   (You bought it in a shop on level 2 of the Orcish Mines)

   Attacks with this weapon are significantly faster.
   It affects your resistance to hostile enchantments.
 b - a +0 broad axe of flaming
Armour
 o - the +3 pair of gloves of Jigsaw (worn) {rF+}
   (Okawaru gifted it to you on level 4 of the Depths)

   It protects you from fire.
 r - a +1 large shield (worn)
 R - the +0 cloak of Juicu (worn) {rF++ rN+ Str+3}
   (Okawaru gifted it to you on level 5 of the Lair of Beasts)

   It affects your strength (+3).
   It greatly protects you from fire.
   It protects you from negative energy.
 S - a +1 helmet
 T - a +2 pair of boots of flying (worn)
 W - +10 storm dragon scales (worn) {Bai Suzhen}
Jewellery
 c - the ring "Weamp" (left hand) {rPois Str+2 SInv Stlth-}
   (You acquired it on level 2 of the Vaults)

   [ring of see invisible]

   It affects your strength (+2).
   It protects you from poison.
   It lets you see invisible.
   It makes you less stealthy.
 h - a ring of protection from magic (right hand)
 i - an uncursed amulet of regeneration
 l - an uncursed ring of protection from cold
 O - an uncursed ring of resist corrosion
 Q - the amulet of Meno Ikeah {Reflect -Tele rC+ Int+2 Slay+6 SH+5}
   (You took it off a yaktaur on level 5 of the Vaults)

   [amulet of reflection]

   It shields you and reflects attacks.
   It affects your intelligence (+2).
   It affects your accuracy and damage with ranged weapons and melee attacks
   (+6).
   It protects you from cold.
   It prevents most forms of teleportation.
   It affects your SH (+5).
 X - an amulet of guardian spirit (around neck)
Wands
 k - a wand of acid (4/15)
 A - a wand of acid (4/15)
 E - a wand of clouds (2/9)
 K - a wand of digging (11/24)
 U - a wand of paralysis (11/24)
 V - a wand of acid (8/15)
Scrolls
 e - 4 scrolls of identify {@r1}
 j - 14 scrolls of remove curse {@r2}
 q - 17 scrolls of teleportation {@r4}
 t - a scroll of magic mapping
 v - 8 scrolls of blinking {@r3}
 w - 4 scrolls of recharging
 x - 7 scrolls of fear
 y - 2 scrolls of fog
 M - 3 scrolls of silence
 N - a scroll of holy word
 Y - 2 scrolls of summoning
Potions
 f - 15 potions of curing {@q1}
 g - 2 potions of cancellation {@q6}
 p - 2 potions of mutation {!q}
 s - 2 potions of resistance
 u - 5 potions of agility {@q5}
 B - 7 potions of invisibility
 D - 4 potions of haste {@q3}
 F - 3 potions of magic
 G - 5 potions of ambrosia
 H - 10 potions of brilliance
 J - 3 potions of berserk rage {!q}
 L - 15 potions of heal wounds {@q2}
 Z - 5 potions of might {@q4}
Miscellaneous
 n - 2 sacks of spiders
 C - a box of beasts
 I - a phial of floods
Comestibles
 d - 18 bread rations {@e1}
 m - 29 fruits {@e3}
 z - 29 meat rations {@e1}


   Skills:
 O Level 27 Fighting
 - Level 20.1 Axes
 + Level 23.6 Armour
 - Level 14.1 Dodging
 - Level 21.7 Shields
 - Level 1.6 Spellcasting
   Level 2.8 Charms
 - Level 13.4 Invocations
 - Level 17.6 Evocations


You had 29 spell levels left.
You didn't know any spells.

Dungeon Overview and Level Annotations

Branches:
Dungeon (15/15)            Temple (0/1) D:7            Lair (6/6) D:10
  Swamp (4/4) Lair:3        Snake (4/4) Lair:2        Slime (5/5) Lair:6
    Orc (2/2) D:11            Elf (0/3) Orc:2        Vaults (5/5) D:13
  Crypt (0/3) Vaults:3     Depths (5/5) D:15            Zot (5/5) Depths:5

Altars:
Ashenzari
Dithmenos
Elyvilon
Fedhas
Gozag
Hepliaklqana
Kikubaaqudgha
Makhleb
Okawaru
Sif Muna
Trog
Vehumet
Xom
Yredelemnul
Zin
The Shining One
Beogh
Jiyva

Shops:
D:7 [   Orc:1 ?   Orc:2 !(!}!   Snake:2 %   Vaults:2 ?   Vaults:3 ?
Depths:1 %

Portals:
Hell: Depths:1 Depths:2 Depths:3 Depths:4 Depths:5
Abyss: Depths:2 Depths:4 Depths:5
Pandemonium: Depths:3
Ziggurat: Depths:4
Trove: Vaults:4 (give +7 demon trident)

Annotations:
D:3 1 runed door
Lair:6 exclusion: oklob plant


Innate Abilities, Weirdness & Mutations

You have sharp fingernails.
Your skin changes colour to match your surroundings (Stealth+).
You passively map a small area around you.


Message History

You block the hellwing's attack. x2
The smoke demon gestures at you. Something smites you!
The smoke demon gestures at you. The sticky flame hits you!
You are covered in liquid flames!
You are covered in liquid flames!
The smoke demon is sucked into a shaft!
The shaft crumbles and collapses.
An Orb Guardian comes into view.
There is an open gate here.
An orange demon comes into view.
You are covered in liquid flames!
The orange demon screeches!
The orange demon moves out of view.
You are covered in liquid flames!
Your extra speed is starting to run out.
The Orb Guardian hits you but does no damage.
There is a staircase leading out of the dungeon here.
The Orb Guardian hits you but does no damage.
You have escaped!

.....#....##........##.......#...
.....#....#######...####.#.#.....
.#####.............## ##.#.......
.# #....#############......#...
.# #....#.......4.ยง##..........
.# ##......##'''##.........##..
.# ###......#.....#..##3........
.# #........#.X...#.###.....##..
.####........#..@..#.# #.....####
.............#.....#.# #...3.....
.....##.####.#######.# #.........
.....##.# ####.......#####.#.....
.....##.# #..)#.####.............
.....##.###......................
......#..........................
......#..........................
.)...............................


You could see an Orb Guardian and a hellwing.

Vanquished Creatures
  the Royal Jelly (Slime:5)
  4 orbs of fire
  5 ancient liches
  2 juggernauts (Depths:4)
  Mara (Depths:2)
  The ghost of Gorglomux the Acrobat, a legendary KoBe of Trog (Zot:5)
  Sojobo (Depths:1)
  Bai Suzhen (Swamp:3)
  Vashnia (Snake:3)
  3 Killer Klowns (Zot:5)
  Nikola (Swamp:3)
  6 golden dragons
  the Enchantress (Depths:1)
  2 bone dragons
  An iron giant (shapeshifter) (Depths:3)
  3 hellephants (Abyss:3)
  A pearl dragon (Depths:1)
  4 electric golems
  Jorgrun (Swamp:3)
  16 tentacled monstrosities
  22 Orb Guardians
  11 liches
  A quicksilver dragon (Zot:4)
  4 titans
  11 acid blobs
  5 sphinxes
  2 tentacled starspawn (Abyss:3)
  8 death cobs
  5 shadow dragons
  14 tengu reavers
  8 storm dragons
  3 thorn hunters
  Donald (Vaults:2)
  The ghost of dvd the Sorcerer, an adept DEFE of Vehumet (Snake:4)
  5 nagarajas
  A draconian monk (Depths:5)
  Roxanne (Snake:1)
  6 azure jellies
  20 vault wardens
  3 draconian knights
  2 iron dragons
  11 fire giants
  An orc warlord (Vaults:5)
  A balrug (D:12)
  Aizul (Swamp:1)
  12 frost giants
  A deep elf sorcerer (Vaults:5)
  Louise (Swamp:4)
  A draconian scorcher (Zot:1)
  A deep elf elementalist (Vaults:5)
  4 draconian shifters
  A draconian stormcaller (Zot:1)
  2 entropy weavers
  20 very ugly things
  A caustic shrike skeleton (Depths:4)
  4 draconian annihilators
  35 stone giants
  4 spriggan defenders
  16 ironheart preservers
  An ophan (Depths:1)
  An entropy weaver (shapeshifter) (Depths:2)
  2 green draconians
  6 vampire knights
  A deep elf annihilator (Vaults:3)
  An apis (Depths:1)
  5 black draconians
  6 red draconians
  A deep elf demonologist (Vaults:4)
  4 purple draconians
  3 white draconians
  11 spark wasps
  9 yellow draconians
  8 dire elephants (Abyss:3)
  9 ettins
  A deep elf death mage (Vaults:5)
  Snorg (D:14)
  A crystal guardian (Vaults:4)
  14 yaktaur captains
  2 green deaths (Swamp:4)
  A death ooze (Slime:5)
  10 great orbs of eyes
  24 ogre magi
  2 merfolk impalers (Depths:1)
  3 deep elf high priests
  9 fire dragons
  7 rakshasas
  9 hydras
  Erolcha (D:9)
  17 ice dragons
  23 naga warriors
  37 vault guards
  8 spriggan air magi
  10 anacondas
  18 centaur warriors
  A catoblepas (Lair:6)
  2 ghost crabs (Swamp:3)
  An alligator (shapeshifter) (Vaults:2)
  50 two-headed ogres
  9 alligators
  A death knight (Vaults:5)
  3 tengu warriors
  3 death yaks (Lair:6)
  7 vampire magi
  15 deep troll shamans
  17 shock serpents
  11 spriggan berserkers
  2 hell hogs (Abyss:3)
  10 deep troll earth magi
  3 thrashing horrors (Abyss:3)
  30 naga sharpshooters
  Nergalle (Orc:2)
  6 hell knights (Vaults:5)
  3 sun demons
  6 deep elf knights
  Sonja (D:14)
  A shadow wraith (Vaults:4)
  5 wretched stars
  12 spriggans
  2 iron trolls (Depths:5)
  A spatial maelstrom (Abyss:3)
  30 deep trolls
  A sixfirhy (D:8)
  5 swamp dragons
  4 sea snakes (Snake:3)
  3 glowing orange brains
  2 unseen horrors (Vaults:1)
  3 flayed ghosts
  9 wizards
  A phantasmal warrior (Vaults:5)
  4 spriggan druids
  A tengu zombie (Depths:4)
  12 naga ritualists
  A storm dragon skeleton (Depths:4)
  2 glowing orange brains (shapeshifter)
  An unseen horror (shapeshifter) (Depths:1)
  A swamp dragon (shapeshifter) (Vaults:4)
  12 ironbrand convokers
  4 harpies (Vaults:5)
  11 orc knights
  10 mana vipers
  8 necromancers
  2 wolf spiders
  A fire giant zombie (Vaults:2)
  10 salamanders
  An orb spider (shapeshifter) (Vaults:4)
  2 shining eyes
  11 orc sorcerers
  The ghost of Hasart the Conjurer, a novice DsFE of Sif Muna (D:6)
  A cyclops (shapeshifter) (Depths:3)
  A manticore (D:12)
  31 ugly things
  15 moths of wrath
  5 cyclopes
  3 worldbinders
  5 deep elf magi
  12 large abominations
  18 elephants
  A fire giant skeleton (Vaults:2)
  An elephant (shapeshifter) (Vaults:1)
  A moth of wrath (shapeshifter) (Depths:3)
  An apocalypse crab (Abyss:2)
  2 eyes of devastation (Slime:5)
  47 black mambas
  A black mamba (shapeshifter) (Vaults:2)
  5 smoke demons
  27 naga magi
  2 guardian serpents
  3 gargoyles
  12 vault sentinels
  3 orange demons
  12 spiny frogs
  3 centaur skeletons
  A yaktaur zombie (Vaults:2)
  2 hellions
  2 efreet
  6 freezing wraiths
  2 kobold demonologists
  A rime drake (Lair:5)
  6 komodo dragons
  56 yaktaurs
  A red devil (Depths:1)
  2 tormentors
  A hellwing (D:1)
  A troll (shapeshifter) (Vaults:4)
  2 ancient zymes (Abyss:2)
  4 tengu conjurers
  A jumping spider (Vaults:2)
  2 jumping spiders (shapeshifter)
  A merfolk (shapeshifter) (Depths:2)
  A queen bee (shapeshifter) (Vaults:4)
  A meliai (shapeshifter) (Vaults:1)
  3 tyrant leeches
  7 trolls
  3 meliai (D:15)
  A merfolk (D:9)
  Grinder (D:3)
  A tengu simulacrum (Vaults:3)
  Prince Ribbit (D:8)
  A polar bear (shapeshifter) (Vaults:4)
  18 hornets
  A sphinx simulacrum (Vaults:2)
  8 bog bodies
  A dream sheep (shapeshifter) (Depths:2)
  78 slime creatures
  15 blink frogs
  A frost giant simulacrum (Vaults:2)
  5 raiju (Abyss:3)
  9 hippogriffs
  A centaur simulacrum (D:14)
  6 flying skulls (Abyss:3)
  5 small abominations
  3 ynoxinuls
  10 starcursed masses (Abyss:3)
  5 air elementals
  A wraith (Abyss:3)
  Sigmund (D:3)
  5 redbacks
  A fire bat (Abyss:3)
  A basilisk (shapeshifter) (Depths:3)
  A tarantella (shapeshifter) (Depths:3)
  6 wyverns
  7 shadows
  6 water elementals
  Grum (D:8)
  10 golden eyes
  A golden eye (shapeshifter) (Vaults:2)
  33 yaks
  5 hungry ghosts
  A human (D:13)
  2 neqoxecs (Abyss:3)
  A steam dragon (D:10)
  2 chaos spawn (Abyss:3)
  18 vampire mosquitoes
  13 swamp worms
  Menkaure (D:4)
  3 wargs
  Edmund (D:5)
  67 nagas
  A soldier ant (shapeshifter) (Vaults:1)
  3 spatial vortices (Abyss:3)
  2 acid dragons
  19 insubstantial wisps
  2 acid dragons (shapeshifter)
  2 hell hounds (D:10)
  4 porcupines
  2 floating eyes
  Duvessa (D:5)
  9 water moccasins
  7 swamp drakes
  5 black bears
  30 orc warriors
  An ice beast (D:7)
  2 sky beasts
  A necrophage (D:11)
  3 phantoms
  6 eyes of draining
  41 ogres
  An ettin simulacrum (Vaults:3)
  15 wolves
  4 boggarts (Vaults:3)
  31 centaurs
  6 crocodiles
  18 big kobolds
  A gnoll sergeant (Orc:2)
  14 bullfrogs
  Blork the orc (D:6)
  A wyvern zombie (D:10)
  Dowan (D:5)
  2 scorpions (D:6)
  A water moccasin skeleton (D:7)
  25 killer bees
  14 wights
  4 electric eels
  5 howler monkeys
  2 quasits
  4 centaur zombies
  8 crimson imps
  8 jellies
  A bullfrog zombie (D:7)
  17 orc priests
  2 human simulacra
  3 hounds (D:4)
  A gnoll shaman (Orc:2)
  37 orc wizards
  A bullfrog skeleton (D:11)
  4 iguanas
  Ijyb (D:3)
  10 worker ants
  Terence (D:3)
  A lightning spire (Zot:4)
  2 hound zombies
  A hound skeleton (D:10)
  2 worker ant zombies
  A howler monkey skeleton (D:9)
  11 adders
  18 gnolls
  5 shadow imps
  5 white imps
  5 oozes
  3 adder skeletons
  A worm (shapeshifter) (Depths:3)
  2 dart slugs
  10 leopard geckos
  74 orcs
  7 giant cockroaches
  6 goblins
  5 hobgoblins
  36 jackals
  6 quokkas
  A ball python (D:3)
  6 bats
  4 frilled lizards
  A giant cockroach zombie (D:5)
  2 jackal zombies
  26 kobolds
  A leopard gecko skeleton (D:6)
  A quokka skeleton (D:5)
  A quokka zombie (D:7)
  9 rats
  2 fungi
  8 plants
2254 creatures vanquished.

Vanquished Creatures (collateral kills)
  An acid blob (Slime:5)
  A tengu reaver (Depths:3)
  A black mamba (Lair:5)
3 creatures vanquished.

Vanquished Creatures (others)
  A vampire knight (Depths:3)
  A vampire mage (Depths:3)
  A death yak (Lair:6)
  A hell hog (Abyss:3)
  A spriggan (Swamp:3)
  3 moths of wrath (Zot:5)
  A hornet (Swamp:3)
  2 vampire mosquitoes (Lair:1)
  A swamp drake (Swamp:3)
  3 boggarts (Vaults:3)
  An ogre (Vaults:4)
  An orc wizard (Orc:2)
  An orc (Orc:2)
  3 fungi
  27 plants
  4 starspawn tentacles (Abyss:3)
52 creatures vanquished.

Grand Total: 2309 creatures vanquished

Notes
Turn   | Place    | Note
-------+----------+-------------------------------------------
     0 | D:1      | Kenran the Hill Orc Skald began the quest for the Orb.
     0 | D:1      | Reached XP level 1. HP: 18/18 MP: 3/3
   227 | D:1      | Reached XP level 2. HP: 20/25 MP: 4/4
   583 | D:1      | Reached XP level 3. HP: 28/30 MP: 5/5
  1660 | D:2      | Reached XP level 4. HP: 37/37 MP: 6/6
  1670 | D:2      | Found an iron altar of Okawaru.
  1679 | D:2      | Became a worshipper of Warmaster Okawaru
  1750 | D:2      | Reached skill level 5 in Axes
  2123 | D:3      | Found a shadowy altar of Dithmenos.
  2250 | D:3      | Found a runed door.
  2438 | D:3      | Noticed Terence
  2451 | D:3      | Killed Terence
  2451 | D:3      | Reached skill level 3 in Fighting
  2451 | D:3      | Reached XP level 5. HP: 45/45 MP: 7/7
  2515 | D:3      | Noticed Sigmund
  2553 | D:3      | Killed Sigmund
  2553 | D:3      | Reached skill level 4 in Fighting
  2553 | D:3      | Reached XP level 6. HP: 16/52 MP: 8/8
  2865 | D:3      | Noticed Ijyb
  2880 | D:4      | Noticed a phantom
  2918 | D:4      | Killed a phantom
  2918 | D:4      | Reached * piety under Okawaru
  3093 | D:4      | Reached XP level 7. HP: 59/60 MP: 9/9
  3616 | D:4      | Noticed Menkaure
  3885 | D:3      | Found a burning altar of Makhleb.
  3980 | D:4      | Reached skill level 5 in Fighting
  4169 | D:3      | Killed Ijyb
  4713 | D:3      | Noticed Grinder
  4718 | D:3      | Paralysed by Grinder for 2 turns
  4735 | D:3      | Paralysed by Grinder for 2 turns
  4739 | D:3      | Killed Grinder
  5385 | D:4      | Found a shattered altar of Ashenzari.
  5455 | D:4      | Reached XP level 8. HP: 68/68 MP: 10/10
  5546 | D:4      | Reached skill level 10 in Axes
  5852 | D:4      | Killed Menkaure
  5852 | D:4      | Reached ** piety under Okawaru
  5885 | D:5      | Entered Level 5 of the Dungeon
  5984 | D:5      | Noticed Edmund
  6025 | D:5      | Killed Edmund
  6321 | D:5      | Noticed Dowan
  6323 | D:5      | Noticed Duvessa
  6363 | D:5      | Killed Duvessa
  6363 | D:5      | Reached XP level 9. HP: 59/75 MP: 12/12
  6371 | D:5      | Killed Dowan
  6563 | D:5      | Found a glowing silver altar of Zin.
  6783 | D:6      | Reached skill level 6 in Fighting
  6799 | D:6      | Noticed Blork the orc
  6805 | D:6      | Killed Blork the orc
  6805 | D:6      | Reached *** piety under Okawaru
  7212 | D:6      | Noticed Hasart's ghost (novice DsFE)
  7243 | D:6      | Killed Hasart's ghost
  7243 | D:6      | Reached skill level 7 in Fighting
  7808 | D:7      | Reached **** piety under Okawaru
  8073 | D:7      | Reached skill level 8 in Fighting
  8112 | D:7      | Reached XP level 10. HP: 69/88 MP: 13/13
  8691 | D:7      | Found a deep blue altar of Sif Muna.
  8697 | D:7      | Found Makir's Armour Emporium.
  8766 | D:7      | Found a staircase to the Ecumenical Temple.
  8921 | D:8      | Found a blossoming altar of Fedhas.
  8949 | D:8      | Found a radiant altar of Vehumet.
  9071 | D:8      | Found a white marble altar of Elyvilon.
  9361 | D:8      | Noticed Grum
  9379 | D:8      | Killed Grum
  9381 | D:8      | Reached skill level 15 in Axes
  9386 | D:8      | Reached skill level 5 in Armour
  9558 | D:8      | Identified the Guide on Poisonous Conjuration
  9587 | D:8      | Noticed Prince Ribbit
  9606 | D:8      | Killed Prince Ribbit
  9960 | D:8      | Found a shimmering altar of Xom.
  9961 | D:8      | Found a hazy altar of Hepliaklqana.
  9962 | D:8      | Noticed a spectral ugly thing
 10581 | D:9      | Noticed Erolcha
 10607 | D:9      | Killed Erolcha
 10607 | D:9      | Reached ***** piety under Okawaru
 10607 | D:9      | Reached skill level 1 in Shields
 11071 | D:9      | Reached XP level 11. HP: 90/95 MP: 14/14
 11606 | D:10     | Entered Level 10 of the Dungeon
 11708 | D:9      | Reached skill level 9 in Fighting
 11800 | D:10     | Received a gift from Okawaru
 11803 | D:10     | Got a smoking helmet {god gift}
 11809 | D:10     | Identified the -3 helmet "Perphaics" {rElec rF++ Dex-2} (Okawaru gifted it to you on level 10 of the Dungeon)
 12284 | D:10     | Found a staircase to the Lair.
 12534 | D:10     | Reached skill level 5 in Invocations
 12660 | Lair:1   | Entered Level 1 of the Lair of Beasts
 12725 | Lair:1   | Reached skill level 10 in Fighting
 13426 | Lair:1   | Reached skill level 11 in Fighting
 13431 | Lair:1   | Reached ****** piety under Okawaru
 13469 | Lair:1   | Reached XP level 12. HP: 41/110 MP: 17/17
 14025 | Lair:2   | Found a staircase to the Snake Pit.
 14180 | Lair:2   | Received a gift from Okawaru
 14342 | Lair:2   | Reached skill level 12 in Fighting
 15045 | Lair:3   | Found a staircase to the Swamp.
 15735 | Lair:4   | Reached skill level 13 in Fighting
 16065 | Lair:4   | Found a frozen archway.
 16066 | Lair:4   | Noticed an ice dragon
 16395 | Lair:5   | Received a gift from Okawaru
 16398 | Lair:5   | Got a heavily runed cloak {god gift}
 16409 | Lair:5   | Identified the +0 cloak of Juicu {rF++ rN+ Str+3} (Okawaru gifted it to you on level 5 of the Lair of Beasts)
 16575 | Lair:5   | Identified the Almanac of Ice and the Mountains
 17377 | Lair:6   | Entered Level 6 of the Lair of Beasts
 17385 | Lair:6   | Found a glowing golden altar of the Shining One.
 17522 | Lair:6   | Reached XP level 13. HP: 99/123 MP: 19/19
 17730 | Lair:6   | Reached skill level 10 in Armour
 17997 | Lair:6   | Found a staircase to the Slime Pits.
 18064 | Lair:6   | Received a gift from Okawaru
 18287 | Lair:6   | Reached skill level 5 in Dodging
 19438 | D:11     | Found a staircase to the Orcish Mines.
 19599 | D:11     | Reached XP level 14. HP: 130/130 MP: 20/20
 20643 | D:12     | Reached skill level 14 in Fighting
 20643 | D:12     | Received a gift from Okawaru
 20723 | D:12     | Identified the +1 scale mail of Patiedo {+Inv rElec MR+++ Stlth-} (You found it on level 12 of the Dungeon)
 21507 | D:13     | Found a glowing golden altar of the Shining One.
 21777 | D:13     | Got a glittering golden ring
 22420 | D:13     | Found a gate to the Vaults.
 22508 | D:13     | Identified the ring "Rocyijuv" {*Tele Str+6} (You found it on level 13 of the Dungeon)
 22525 | D:14     | Received a gift from Okawaru
 22727 | D:14     | Reached skill level 15 in Fighting
 22833 | D:14     | Noticed Snorg
 22846 | D:14     | Killed Snorg
 23292 | D:14     | Reached skill level 16 in Fighting
 23329 | D:14     | Reached XP level 15. HP: 98/144 MP: 7/21
 23509 | D:14     | Noticed Sonja
 23517 | D:14     | Killed Sonja
 23517 | D:14     | Received a gift from Okawaru
 23631 | D:15     | Entered Level 15 of the Dungeon
 23690 | D:15     | Found a staircase to the Depths.
 24441 | D:15     | Got a steaming flail
 24442 | D:15     | Identified the +11 flail "Okhyump" {pain, Int+2} (You found it on level 15 of the Dungeon)
 24596 | Orc:1    | Entered Level 1 of the Orcish Mines
 24980 | Orc:2    | Entered Level 2 of the Orcish Mines
 25168 | Orc:2    | Found a staircase to the Elven Halls.
 25181 | Orc:2    | Received a gift from Okawaru
 25272 | Orc:2    | Found Hoygreg's Distillery.
 25288 | Orc:2    | Bought a potion of heal wounds for 75 gold pieces
 25288 | Orc:2    | Bought a potion of heal wounds for 75 gold pieces
 25288 | Orc:2    | Bought a potion of heal wounds for 75 gold pieces
 25555 | Orc:2    | Found Ilurut's Antique Weapon Emporium.
 25580 | Orc:2    | Bought the +8 mithril axe "Arga" {speed, MR+} for 1162 gold pieces
 25641 | Orc:2    | Noticed Nergalle
 25641 | Orc:2    | Found an ancient bone altar of Kikubaaqudgha.
 25653 | Orc:2    | Killed Nergalle
 25677 | Orc:2    | Found Tajagg's Distillery.
 25692 | Orc:2    | Found a radiant altar of Vehumet.
 25717 | Orc:2    | Bought a potion of experience for 900 gold pieces
 25717 | Orc:2    | Reached XP level 16. HP: 148/154 MP: 22/22
 25727 | Orc:2    | Found a roughly hewn altar of Beogh.
 25727 | Orc:2    | Found Eratig's Gadget Emporium.
 25743 | Orc:2    | Reached skill level 17 in Fighting
 25750 | Orc:2    | Found Rabid's Distillery.
 26252 | Orc:1    | Found Plog's Magic Scroll Emporium.
 27067 | D:7      | Bought a cursed +0 large shield for 45 gold pieces
 27253 | Snake:1  | Entered Level 1 of the Snake Pit
 27275 | Snake:1  | Noticed Roxanne
 27296 | Snake:1  | Killed Roxanne
 27296 | Snake:1  | Reached skill level 5 in Shields
 27730 | Snake:1  | Received a gift from Okawaru
 28332 | Snake:1  | Reached XP level 17. HP: 123/161 MP: 23/23
 28431 | Snake:2  | Reached skill level 10 in Shields
 28500 | Snake:2  | Found Dies's Food Shoppe.
 29006 | Snake:2  | Received a gift from Okawaru
 29629 | Snake:3  | Noticed Vashnia
 29704 | Snake:3  | Killed Vashnia
 30152 | Snake:3  | Reached skill level 15 in Shields
 30432 | Snake:3  | Received a gift from Okawaru
 30719 | Snake:3  | Reached XP level 18. HP: 159/169 MP: 24/24
 31316 | Snake:4  | Entered Level 4 of the Snake Pit
 31561 | Snake:4  | Noticed dvd's ghost (adept DEFE)
 31596 | Snake:4  | Killed dvd's ghost
 31802 | Snake:4  | Received a gift from Okawaru
 31857 | Snake:3  | Received a gift from Okawaru
 32325 | Snake:4  | Found a shimmering altar of Xom.
 32749 | Snake:4  | Got a serpentine rune of Zot
 33592 | Swamp:1  | Entered Level 1 of the Swamp
 33829 | Swamp:1  | Noticed Aizul
 33848 | Swamp:1  | Killed Aizul
 33848 | Swamp:1  | Received a gift from Okawaru
 33848 | Swamp:1  | Reached XP level 19. HP: 169/177 MP: 25/25
 34801 | Swamp:2  | Reached skill level 15 in Armour
 35185 | Swamp:2  | You fall through a shaft!
 35420 | Swamp:3  | Noticed Bai Suzhen
 35443 | Swamp:3  | Killed Bai Suzhen
 35443 | Swamp:3  | Reached skill level 18 in Fighting
 35509 | Swamp:3  | Noticed Nikola
 35580 | Swamp:3  | Killed Nikola
 35865 | Swamp:3  | Noticed Jorgrun
 35879 | Swamp:3  | Killed Jorgrun
 36044 | Swamp:4  | Entered Level 4 of the Swamp
 36194 | Swamp:4  | Identified the +9 war axe of the Evil Eye {vamp, rF- rN++ Str+2} (You found it on level 4 of the Swamp)
 36403 | Swamp:4  | Received a gift from Okawaru
 36515 | Swamp:4  | Noticed a tentacled monstrosity
 36533 | Swamp:4  | Killed a tentacled monstrosity
 36795 | Swamp:4  | Got a decaying rune of Zot
 36871 | Swamp:4  | Noticed Louise
 36884 | Swamp:4  | Killed Louise
 36887 | Swamp:4  | Got a heavily runed large shield
 36890 | Swamp:4  | Identified the cursed -9 large shield "Etoybb" {rC- MR+ Str+3} (You took it off Louise on level 4 of the Swamp)
 36914 | Swamp:4  | Identified the Collected Works on Malediction
 37417 | Vaults:1 | Entered Level 1 of the Vaults
 37607 | Vaults:1 | Got a pair of warped boots
 37608 | Vaults:1 | Identified the cursed +0 pair of boots of Zaulezum {+Blink rPois Str-3} (You found it on level 1 of the Vaults)
 37723 | Vaults:1 | Reached XP level 20. HP: 189/189 MP: 26/26
 37731 | Vaults:1 | Received a gift from Okawaru
 38199 | Vaults:1 | Reached skill level 10 in Dodging
 39125 | Vaults:2 | Received a gift from Okawaru
 39389 | Vaults:2 | Reached skill level 19 in Fighting
 39605 | Vaults:2 | Noticed Donald
 39625 | Vaults:2 | Killed Donald
 39796 | Vaults:2 | Reached XP level 21. HP: 186/199 MP: 27/27
 39932 | Vaults:2 | Found Raar's Magic Scroll Boutique.
 39940 | Vaults:2 | Bought a scroll of acquirement for 624 gold pieces
 39943 | Vaults:2 | Got a scorched bone ring
 39945 | Vaults:2 | Identified the ring "Weamp" {rPois Str+2 SInv Stlth-} (You acquired it on level 2 of the Vaults)
 40428 | Vaults:3 | Found Gucsexae's Magic Scroll Emporium.
 40470 | Vaults:3 | Received a gift from Okawaru
 40600 | Vaults:3 | Reached skill level 20 in Fighting
 41360 | Vaults:3 | Found a staircase to the Crypt.
 41360 | Vaults:3 | Found an ancient bone altar of Kikubaaqudgha.
 41361 | Vaults:3 | Found a basalt altar of Yredelemnul.
 42257 | Vaults:4 | Received a gift from Okawaru
 42275 | Vaults:4 | Reached skill level 21 in Fighting
 42865 | Vaults:4 | Reached XP level 22. HP: 210/213 MP: 28/28
 43308 | Vaults:4 | Found a portal to a secret trove of treasure.
 43807 | Depths:1 | Entered Level 1 of the Depths
 43807 | Depths:1 | Found a gateway to Hell.
 43831 | Depths:1 | Reached skill level 1 in Evocations
 43934 | Depths:1 | Found a glowing golden altar of the Shining One.
 43934 | Depths:1 | Found a glowing silver altar of Zin.
 43935 | Depths:1 | Found a white marble altar of Elyvilon.
 44031 | Depths:1 | Received a gift from Okawaru
 44050 | Depths:1 | Noticed the Enchantress
 44068 | Depths:1 | Killed the Enchantress
 44068 | Depths:1 | Reached skill level 10 in Invocations
 44360 | Depths:1 | Noticed Sojobo
 44397 | Depths:1 | Killed Sojobo
 44692 | Depths:1 | Reached skill level 5 in Evocations
 44712 | Depths:1 | Found Zuijog's Food Shoppe.
 44975 | Depths:2 | Found a one-way gate to the infinite horrors of the Abyss.
 45241 | Depths:2 | Noticed Mara
 45252 | Depths:2 | Noticed Kenran's illusion
 45303 | Depths:2 | Killed Mara
 45303 | Depths:2 | Received a gift from Okawaru
 45303 | Depths:2 | Reached XP level 23. HP: 82/220 MP: 24/31
 46468 | Depths:3 | Received a gift from Okawaru
 46688 | Depths:3 | Found a one-way gate leading to the halls of Pandemonium.
 46692 | Depths:3 | Found a bloodstained altar of Trog.
 46692 | Depths:3 | Found a bloodstained altar of Trog.
 46693 | Depths:3 | Found an opulent altar of Gozag.
 46759 | Depths:3 | Received a gift from Okawaru
 47185 | Depths:3 | Noticed a golden dragon
 47185 | Depths:3 | an iron troll changed into a golden dragon
 47188 | Depths:3 | a golden dragon changed into an iron giant
 47802 | Depths:3 | Received a gift from Okawaru
 47828 | Depths:3 | Reached XP level 24. HP: 119/228 MP: 27/33
 47848 | Depths:3 | Reached skill level 10 in Evocations
 48380 | Depths:3 | Identified the Grimoire of Poison
 48849 | Depths:4 | Received a gift from Okawaru
 48901 | Depths:4 | Got a pair of distressingly furry gloves {god gift}
 48902 | Depths:4 | Identified the +3 pair of gloves of Jigsaw {rF+} (Okawaru gifted it to you on level 4 of the Depths)
 49324 | Depths:4 | Noticed a juggernaut
 49344 | Depths:4 | Killed a juggernaut
 49527 | Depths:4 | Reached skill level 22 in Fighting
 49599 | Depths:4 | Noticed a juggernaut
 49758 | Depths:4 | Found a gateway to a ziggurat.
 49784 | Depths:4 | Found a runed door.
 49898 | Depths:4 | Killed a juggernaut
 50032 | Depths:5 | Entered Level 5 of the Depths
 50221 | Depths:5 | Reached XP level 25. HP: 222/240 MP: 33/33
 50235 | Depths:5 | Received a gift from Okawaru
 50252 | Depths:5 | Reached skill level 23 in Fighting
 50988 | Depths:5 | Found a gate to the Realm of Zot.
 51443 | Depths:3 | Reached skill level 24 in Fighting
 51880 | Slime:1  | Entered Level 1 of the Pits of Slime
 51929 | Slime:3  | Received a gift from Okawaru
 52098 | Slime:5  | Entered Level 5 of the Pits of Slime
 52223 | Slime:5  | Gained mutation: You can translocate small distances at will. [a shining eye]
 52253 | Slime:5  | Found a viscous altar of Jiyva.
 52282 | Slime:5  | Noticed the Royal Jelly
 52298 | Slime:5  | Killed the Royal Jelly
 52334 | Slime:5  | Reached skill level 25 in Fighting
 52360 | Slime:5  | Got a slimy rune of Zot
 52380 | Slime:5  | Identified the Compendium of Damaging Shape Shifting
 52815 | Orc:1    | Bought a scroll of summoning for 152 gold pieces
 52815 | Orc:1    | Bought a scroll of enchant armour for 120 gold pieces
 52815 | Orc:1    | Bought a scroll of summoning for 152 gold pieces
 52865 | Orc:2    | Bought a potion of agility for 60 gold pieces
 52865 | Orc:2    | Bought a potion of agility for 60 gold pieces
 52865 | Orc:2    | Bought a potion of curing for 45 gold pieces
 52865 | Orc:2    | Bought a potion of curing for 45 gold pieces
 52929 | Orc:2    | Bought a potion of haste for 170 gold pieces
 52929 | Orc:2    | Bought a potion of heal wounds for 85 gold pieces
 52929 | Orc:2    | Bought a potion of ambrosia for 136 gold pieces
 52929 | Orc:2    | Bought a potion of haste for 170 gold pieces
 52929 | Orc:2    | Bought a potion of ambrosia for 136 gold pieces
 52929 | Orc:2    | Bought a potion of heal wounds for 85 gold pieces
 52951 | Orc:2    | Bought a potion of heal wounds for 90 gold pieces
 52951 | Orc:2    | Bought a potion of heal wounds for 90 gold pieces
 52951 | Orc:2    | Bought a potion of heal wounds for 90 gold pieces
 52951 | Orc:2    | Bought a potion of might for 72 gold pieces
 52951 | Orc:2    | Bought a potion of heal wounds for 90 gold pieces
 52951 | Orc:2    | Bought a potion of haste for 180 gold pieces
 52951 | Orc:2    | Bought a potion of magic for 144 gold pieces
 53273 | Vaults:5 | Entered Level 5 of the Vaults
 53345 | Vaults:5 | Reached skill level 26 in Fighting
 53358 | Vaults:5 | Received a gift from Okawaru
 53358 | Vaults:5 | Reached XP level 26. HP: 159/261 MP: 29/33
 53421 | Vaults:5 | Identified the ring of Red Wine {+Blink +Inv Int+3 Dex-2 SInv Stlth-} (You found it on level 5 of the Vaults)
 53899 | Vaults:5 | Reached skill level 27 in Fighting
 53925 | Vaults:5 | Identified the Papyrus of Freezing Companions
 54199 | Vaults:5 | Noticed an ancient lich
 54299 | Vaults:5 | Killed an ancient lich
 54321 | Vaults:5 | Got a steaming lead amulet
 54324 | Vaults:5 | Identified the amulet of Meno Ikeah {Reflect -Tele rC+ Int+2 Slay+6 SH+5} (You took it off a yaktaur on level 5 of the Vaults)
 54391 | Vaults:5 | Received a gift from Okawaru
 54471 | Vaults:5 | Identified the +0 plate armour "Qotif" {rC+ rCorr Str-4 Stlth+} (You took it off a vault warden on level 5 of the Vaults)
 54484 | Vaults:5 | Got a silver rune of Zot
 54990 | Depths:2 | Voluntarily entered the Abyss.
 54990 | Abyss:1  | Found a corrupted altar of Lugonu.
 55232 | Abyss:2  | Paralysed by you for 6 turns
 55553 | Abyss:3  | Found a corrupted altar of Lugonu.
 55843 | Abyss:3  | Reached XP level 27. HP: 264/273 MP: 31/33
 55861 | Abyss:3  | Found a corrupted altar of Lugonu.
 55879 | Abyss:3  | Got an abyssal rune of Zot
 56010 | Depths:2 | Escaped the Abyss
 56243 | Zot:1    | Entered Level 1 of the Realm of Zot
 56248 | Zot:1    | Received a gift from Okawaru
 56341 | Zot:1    | Noticed an orb of fire
 56343 | Zot:1    | Gained mutation: You expend magic power (3 MP) to strengthen your wands. [an orb of fire]
 56514 | Zot:1    | Killed an orb of fire
 56700 | Zot:2    | Received a gift from Okawaru
 56729 | Zot:2    | Reached skill level 15 in Evocations
 57318 | Zot:4    | Noticed an orb of fire
 57362 | Zot:4    | Killed an orb of fire
 57462 | Zot:5    | Entered Level 5 of the Realm of Zot
 57581 | Zot:5    | Noticed an ancient lich
 57591 | Zot:5    | Killed an ancient lich
 57903 | Zot:5    | Noticed Gorglomux's ghost (legendary KoBe)
 57970 | Zot:5    | Killed Gorglomux's ghost
 58310 | Zot:5    | Noticed an ancient lich
 58313 | Zot:5    | Noticed an ancient lich
 58316 | Zot:5    | Noticed an orb of fire
 58327 | Zot:5    | Killed an ancient lich
 58327 | Zot:5    | Received a gift from Okawaru
 58336 | Zot:5    | Gained mutation: Your body sometimes deteriorates upon taking damage. [an orb of fire]
 58349 | Zot:5    | Gained mutation: Your magical capacity is low. (-10% MP) [an orb of fire]
 58355 | Zot:5    | Killed an orb of fire
 58398 | Zot:5    | Killed an ancient lich
 58542 | Zot:5    | Noticed an ancient lich
 58561 | Zot:5    | Killed an ancient lich
 58561 | Zot:5    | Received a gift from Okawaru
 58681 | Zot:5    | Got the Orb of Zot
 58742 | Zot:5    | Noticed an orb of fire
 58757 | Zot:5    | Gained mutation: Your body often deteriorates upon taking damage. [an orb of fire]
 58773 | Zot:5    | Gained mutation: Scrolls take you a little longer to read. [an orb of fire]
 58779 | Zot:5    | Killed an orb of fire
 58801 | Zot:5    | Received a gift from Okawaru
 59012 | Depths:3 | Lost mutation: Your body often deteriorates upon taking damage. [potion of mutation]
 59012 | Depths:3 | Lost mutation: You can translocate small distances at will. [potion of mutation]
 59012 | Depths:3 | Gained mutation: You tend to lose your temper in combat. [potion of mutation]
 59012 | Depths:3 | Gained mutation: You have large cloven feet. [potion of mutation]
 59012 | Depths:3 | Gained mutation: You evolve. [potion of mutation]
 59012 | Depths:3 | Gained mutation: You have sharp fingernails. [potion of mutation]
 59013 | Depths:3 | Lost mutation: Your magical capacity is low. (-10% MP) [potion of mutation]
 59013 | Depths:3 | Lost mutation: Scrolls take you a little longer to read. [potion of mutation]
 59013 | Depths:3 | Lost mutation: You expend magic power (3 MP) to strengthen your wands. [potion of mutation]
 59013 | Depths:3 | Lost mutation: Your body sometimes deteriorates upon taking damage. [potion of mutation]
 59013 | Depths:3 | Lost mutation: You evolve. [potion of mutation]
 59013 | Depths:3 | Gained mutation: Your system is resistant to poisons. (rPois) [potion of mutation]
 59013 | Depths:3 | Gained mutation: You have a pair of small horns on your head. [potion of mutation]
 59014 | Depths:3 | Lost mutation: You tend to lose your temper in combat. [potion of mutation]
 59014 | Depths:3 | Lost mutation: You have large cloven feet. [potion of mutation]
 59014 | Depths:3 | Lost mutation: Your system is resistant to poisons. (rPois) [potion of mutation]
 59014 | Depths:3 | Gained mutation: You tend to lose your temper in combat. [potion of mutation]
 59014 | Depths:3 | Gained mutation: You evolve. [potion of mutation]
 59015 | Depths:3 | Lost mutation: You have a pair of small horns on your head. [potion of mutation]
 59015 | Depths:3 | Lost mutation: You evolve. [potion of mutation]
 59015 | Depths:3 | Lost mutation: You tend to lose your temper in combat. [potion of mutation]
 59015 | Depths:3 | Gained mutation: Your skin changes colour to match your surroundings (Stealth+). [potion of mutation]
 59015 | Depths:3 | Gained mutation: You passively map a small area around you. [potion of mutation]
 59374 | D:$      | Escaped with the Orb!

Skill      XL: |  1  2  3  4  5  6  7  8  9 10 11 12 13 14 15 16 17 18 19 20 21 22 23 24 25 26 27 |
---------------+----------------------------------------------------------------------------------+-----
Axes           | 3 4 5 7 8 9 11 14 15 16 18 20 | 20.1
Fighting       | 3 4 5 8 11 13 16 17 18 19 21 22 26 27 | 27.0
Invocations    | 2 4 6 9 11 13 | 13.4
Armour         | 3 6 8 12 13 14 16 17 19 20 23 | 23.6
Shields        | 2 4 9 15 18 19 20 21 | 21.7
Dodging        | 3 6 9 11 13 14 | 14.1
Evocations     | 6 9 11 13 17 | 17.6
Spellcasting   | |  1.6
Charms         | |  2.8

Action                   |  1- 3 |  4- 6 |  7- 9 | 10-12 | 13-15 | 16-18 | 19-21 | 22-24 | 25-27 || total
-------------------------+-------+-------+-------+-------+-------+-------+-------+-------+-------++-------
Melee: Hand axe          |   141 |   168 |   373 |       |       |       |       |       |       ||   682
       War axe           |       |       |   126 |   816 |   740 |       |       |       |       ||  1682
       Flail             |       |       |       |       |    56 |       |    37 |       |       ||    93
       Battleaxe         |       |       |       |       |   141 |       |       |       |       ||   141
       Broad axe         |       |       |       |       |    41 |  1359 |  1729 |  1775 |  2289 ||  7193
Invok: Heroism           |       |       |       |     1 |     4 |     4 |     4 |     7 |     7 ||    27
       Finesse           |       |       |       |       |       |     1 |     1 |     7 |     8 ||    17
Evoke: Wand              |       |       |    16 |    12 |     1 |       |     3 |     1 |     6 ||    39
       Sack of spiders   |       |       |       |       |       |       |       |     1 |       ||     1
  Use: Scroll            |     7 |     2 |    10 |    11 |    10 |     6 |    13 |     6 |    17 ||    82
       Potion            |       |     5 |     4 |     3 |     1 |     5 |     3 |     2 |    11 ||    34
 Stab: Petrified         |       |       |       |       |     1 |       |       |       |       ||     1
       Paralysed         |       |       |       |       |     2 |       |       |       |       ||     2
       Distracted        |       |       |       |       |       |       |     2 |     5 |     2 ||     9
       Confused          |       |       |       |       |       |       |       |     2 |       ||     2
  Eat: Chunk             |     3 |     2 |     8 |    22 |    25 |    10 |    23 |    16 |     7 ||   116
       Royal jelly       |       |     1 |     2 |     3 |     1 |     6 |     1 |     4 |     4 ||    22
       Bread ration      |       |       |     1 |     1 |     1 |     1 |     1 |       |     5 ||    10
       Fruit             |       |       |       |     4 |     1 |       |     1 |       |     1 ||     7
Armor: Leather armour    |    42 |     3 |       |       |       |       |       |       |       ||    45
       Ring mail         |       |    59 |     1 |       |       |       |       |       |       ||    60
       Skin              |       |    11 |    17 |       |       |       |       |       |       ||    28
       Scale mail        |       |       |   143 |       |       |       |       |       |       ||   143
       Chain mail        |       |       |    45 |    21 |    15 |   295 |   158 |       |       ||   534
       Plate armour      |       |       |       |   316 |   501 |       |       |       |       ||   817
       Storm dragon scal |       |       |       |       |       |       |   167 |   401 |   490 ||  1058
Dodge: Dodged            |    88 |    86 |   149 |   145 |   472 |   240 |   358 |   319 |   393 ||  2250
Block: Buckler           |    11 |    22 |    44 |   120 |   139 |       |       |       |       ||   336
       Large shield      |       |       |       |       |       |   877 |  1116 |  1150 |  1464 ||  4607
